 Dungeon Crawl Stone Soup version 0.30.0-30-g96aa6591b8 (webtiles) character file.

Game seed: 4736980348813465182

3824 shaculford the Fighter (level 9, -12/69 (76) HPs)
             Began as a Minotaur Monk on June 28, 2023.
             Was an Elder of Hepliaklqana.
             Mangled by a wight
             ... wielding a +3 great sword
              (16 damage)
             ... on level 7 of the Dungeon on June 29, 2023.
             The game lasted 01:31:21 (9051 turns).

shaculford the Fighter (Minotaur Monk)              Turns: 9051, Time: 01:31:22

HP:   -12/69 (76)   AC:  9    Str: 19    XL:     9   Next: 97%
MP:   8/8           EV: 13    Int:  7    God:    Hepliaklqana [****..]
Gold: 385           SH:  0    Dex: 14    Spells: 8/8 levels left

rFire   . .          .
                       - Unarmed
rCold   + . .        c - orb {light}
rNeg    . . .        K - +2 scale mail {rPois}
rPois   +            (helmet restricted)
rElec   .            (no cloak)
rCorr   .            d - +0 pair of gloves
SInv    .            (no boots)
Will    .....        (no amulet) Stlth
                     I - ring of protection from cold
HPRegen 0.31/turn    w - ring of poison resistance
MPRegen 0.11/turn

%: no passive effects
@: glowing, drained
A: reduced essence, horns 2, retaliatory headbutt
a: Renounce Religion, Recall Ancestor, Ancestor Identity, Transference, Idealise


You were on level 7 of the Dungeon.
You worshipped Hepliaklqana.
Hepliaklqana was greatly pleased with you.
You visited 2 branches of the dungeon, and saw 9 of its levels.

You collected 385 gold pieces.

Inventory:

Hand Weapons
 s - a +0 mace
 z - a +0 dagger of venom
 E - a +3 rapier of venom
 H - a +5 long sword
 J - a +2 whip of freezing
 Q - a +0 falchion of holy wrath
Armour
 a - a +0 robe
 b - a +1 animal skin
 c - an orb of light (worn)
 d - a +0 pair of gloves (worn)
 o - a +0 ring mail
 A - a +0 scale mail
 K - a +2 scale mail of poison resistance (worn)
 N - a +1 scale mail of cold resistance
 P - an orb of light
Magical Staves
 j - a staff of earth
Jewellery
 e - a +6 ring of intelligence
 w - a ring of poison resistance (right hand)
 x - a ring of magical power
 F - a ring of ice
 I - a ring of protection from cold (left hand)
 R - an amulet of the acrobat
Wands
 v - a wand of flame (36)
 y - a wand of roots (5)
 L - a wand of charming (13)
 M - a wand of polymorph (7)
Scrolls
 g - a scroll of vulnerability {unknown}
 h - 2 scrolls of butterflies {unknown}
 k - a scroll of blinking {unknown}
 l - 5 scrolls of identify {unknown}
 m - a scroll of enchant weapon {unknown}
 p - 3 scrolls of teleportation {unknown}
 q - 6 scrolls of noise {unknown}
 r - a scroll of magic mapping {unknown}
 C - a scroll of fear {unknown}
 D - 2 scrolls of amnesia {unknown}
Potions
 f - a potion of curing
 i - a potion of heal wounds {unknown}
 n - 3 potions of flight {unknown}
 t - 2 potions of attraction {unknown}
 u - a potion of resistance {unknown}
 B - 3 potions of haste {unknown}
 G - 2 potions of degeneration {unknown}
 O - a potion of might


   Skills:
 + Level 9.9 Fighting
 - Level 2.1 Maces & Flails
 - Level 2.4 Armour
 + Level 9.4 Dodging
 - Level 0.5 Stealth
 + Level 9.9 Unarmed Combat


You had 8 spell levels left.
You didn't know any spells.
Your spell library contained the following spells:

 Spells                   Type           Power      Damage    Failure   Level
 Apportation              Tloc           0%         N/A       80%         1
 Poisonous Vapours        Pois/Air       0%         N/A       91%         2
 Mephitic Cloud           Conj/Pois/Air  0%         N/A       99%         3
 Freezing Cloud           Conj/Ice/Air   0%         6-21      100%        5


Dungeon Overview and Level Annotations

Branches:
Dungeon (8/15)             Temple (1/1) D:4
   Lair: D:8-11

Altars:
Ashenzari
Cheibriados
Dithmenos
Elyvilon
Fedhas
Gozag
Hepliaklqana
Kikubaaqudgha
Makhleb
Nemelex Xobeh
Okawaru
Qazlal
Ru
Sif Muna
Trog
Uskayaw
Vehumet
Wu Jian
Xom
Yredelemnul
Zin
The Shining One

Shops:
D:2 *   D:6 =


Innate Abilities, Weirdness & Mutations

Your life essence is reduced to manifest your ancestor. (-10% HP)
You have a pair of horns on your head.
You reflexively headbutt those who attack you in melee.


Message History

You headbutt the howler monkey!
A gnoll comes into view. It is wielding a +0 spear.
The centaur shoots an arrow.
The arrow completely misses Ealamassi.
The arrow hits you.
You hear a shout! x3
There is a stone staircase leading up, spattered with blood here.
You hit the howler monkey.
The howler monkey is almost dead.
The bullfrog barely misses you.
The centaur shoots an arrow.
The arrow misses Ealamassi.
The arrow hits you.
The wight hits you with a +3 great sword!
You feel drained. The howler monkey barely misses you. You furiously retaliate!
You headbutt the howler monkey.
You kill the howler monkey!
Ealamassi casts a spell at the bullfrog.
The stone arrow hits the bullfrog!
The bullfrog hits you but does no damage.
The centaur shoots an arrow.
The arrow hits Ealamassi!
The wight closely misses you.
The wight hits you but does no damage. x2
The gnoll bouda barks out a call to the hunt!
The gnoll picks up the pace!
Ealamassi casts a spell at the bullfrog.
The puff of frost hits the bullfrog!
The bullfrog dies!
You climb upwards.
There is a stone staircase leading down here.
You feel better. The wight misses you.
The wight hits you with a +3 great sword!!
* * * LOW HITPOINT WARNING * * *
You feel drained.
* * * LOW HITPOINT WARNING * * *
The wight hits you with a +1 flail.
* * * LOW HITPOINT WARNING * * *
You feel drained.
* * * LOW HITPOINT WARNING * * *
You barely miss the wight.
You headbutt the wight, but do no damage.
The wight closely misses you.
The wight hits you with a +3 great sword!
You die...

#.# #.###.# #.#.##
#.# ..# #)# #.#
#....## #.# .##
#)###.#####.....###.#
.#
#...................#
.#
#.#########.....#####
.# #.# ##†..##
.####.# ##.## ...##.#
#######z##### ##.##.#
#....R@z....# #....#
#.#####z###.# ##.####
#.# #.# #.# ...# #.#
#.# #^# .### #.# ##.#
#.# .# #.# #..# #.#
.# #.# ##.## #.# .#
#.# #...# #.# .#
#.###...###.#


You could see the friendly Ealamassi the battlemage and 3 wights.

Vanquished Creatures
  Pikel (D:5)
  Sigmund (D:4)
  The ghost of CInkIbrahim the Slasher, an amateur VSGl (D:4)
  A wyvern (D:7)
  Eustachio (D:4)
  A steam dragon (D:6)
  A water moccasin (D:7)
  2 orc warriors (D:7)
  2 ice beasts
  An ogre (D:4)
  A centaur (D:6)
  A phantom (D:5)
  A wight (D:7)
  2 howler monkeys
  2 jellies
  4 orc priests
  2 hounds (D:5)
  Jessica (D:2)
  Natasha (thrice) (D:2)
  2 iguanas
  3 orc wizards
  Robin (D:2)
  2 gnolls (D:4)
  2 adders
  A shadow imp (D:5)
  An ufetubus (D:6)
  A dart slug (D:4)
  12 orcs
  6 ball pythons
  4 bats
  6 endoplasms
  3 giant cockroaches
  15 goblins
  13 hobgoblins
  12 jackals
  3 kobolds
  2 quokkas
  2 frilled lizards (D:2)
  3 rats
123 creatures vanquished.

Vanquished Creatures (collateral kills)
  A hornet (D:7)
  2 ice beasts (D:6)
  2 black bears (D:5)
  A centaur (D:7)
  A scorpion (D:4)
  3 bullfrogs
  A howler monkey (D:6)
  2 orc priests
  A jelly (D:4)
  An iguana (D:7)
  A sleepcap (D:4)
  Ijyb (D:5)
  An orc wizard (D:7)
  An adder (D:5)
  3 gnolls
  A shadow imp (D:5)
  3 orcs
  An endoplasm (D:3)
  A jackal (D:4)
  A quokka (D:3)
  A goblin (D:3)
30 creatures vanquished.

Grand Total: 153 creatures vanquished

Notes
Turn   | Place    | Note
-------+----------+-------------------------------------------
     0 | D:1      | shaculford the Minotaur Monk began the quest for the Orb.
     0 | D:1      | Reached XP level 1. HP: 19/19 MP: 0/0
   135 | D:1      | Found a faded altar of an unknown god.
   351 | D:1      | Reached XP level 2. HP: 14/27 MP: 1/1
   835 | D:1      | Reached XP level 3. HP: 33/33 MP: 2/2
   921 | D:2      | Noticed Jessica
   925 | D:2      | Killed Jessica
  1195 | D:2      | Found Wyum's Assorted Antiques.
  1441 | D:2      | Noticed Natasha
  1459 | D:2      | Killed Natasha
  1460 | D:2      | Reached XP level 4. HP: 24/41 MP: 3/3
  1750 | D:2      | Noticed Robin
  1764 | D:2      | Killed Robin
  2066 | D:2      | Noticed Natasha
  2080 | D:2      | HP: 1/41 [Natasha (2)]
  2081 | D:2      | Killed Natasha
  2226 | D:2      | Noticed Natasha
  2265 | D:2      | Killed Natasha
  2266 | D:2      | Reached skill level 5 in Unarmed Combat
  2266 | D:2      | Reached XP level 5. HP: 47/47 MP: 4/4
  2526 | D:3      | Found a hazy altar of Hepliaklqana.
  2538 | D:3      | Became a worshipper of Hepliaklqana the Forgotten
  2538 | D:3      | Reached * piety under Hepliaklqana
  2538 | D:3      | Reached ** piety under Hepliaklqana
  3572 | D:4      | You fall into a shaft and drop 3 floors!
  3583 | D:7      | Noticed an ice beast
  3596 | D:7      | Killed an ice beast
  3597 | D:7      | Reached skill level 1 in Armour
  3597 | D:7      | Reached XP level 6. HP: 28/49 MP: 5/5
  3626 | D:7      | Remembered your ancestor Ealamassi as a battlemage
  3681 | D:7      | Noticed a wyvern
  3704 | D:5      | Entered Level 5 of the Dungeon
  3714 | D:5      | Noticed Ijyb
  3722 | D:5      | Killed Ijyb
  3723 | D:5      | Reached skill level 1 in Maces & Flails
  3726 | D:5      | Reached skill level 5 in Fighting
  3764 | D:5      | Found a shadowy altar of Dithmenos.
  3818 | D:5      | Reached skill level 5 in Dodging
  3885 | D:4      | Reached XP level 7. HP: 47/54 MP: 6/6
  4364 | D:4      | Found a runed translucent door.
  4365 | D:4      | Noticed CInkIbrahim's ghost (amateur VSGl)
  4621 | D:4      | Noticed Eustachio
  4640 | D:4      | Killed Eustachio
  4760 | D:4      | Found a staircase to the Ecumenical Temple.
  4766 | Temple   | Entered the Ecumenical Temple
  4989 | D:4      | Noticed Sigmund
  4999 | D:4      | Killed Sigmund
  5000 | D:4      | Reached XP level 8. HP: 63/63 MP: 7/7
  5489 | D:5      | Reached *** piety under Hepliaklqana
  5867 | D:5      | Found a glowing silver altar of Zin.
  5894 | D:5      | Noticed Pikel
  5909 | D:5      | Killed Pikel
  6607 | D:6      | Found Gokk's Jewellery Shop.
  6622 | D:6      | Found a blossoming altar of Fedhas.
  6622 | D:6      | Found a broken altar of Ashenzari.
  6696 | D:6      | Reached XP level 9. HP: 72/72 MP: 8/8
  7939 | D:4      | Killed CInkIbrahim's ghost
  8289 | D:7      | Reached **** piety under Hepliaklqana
  8674 | D:7      | Found an ancient bone altar of Kikubaaqudgha.
  8674 | D:7      | Found a shimmering blue altar of Sif Muna.
  8676 | D:7      | Found a radiant altar of Vehumet.
  8681 | D:7      | Got Sif Muna's Octavo of the Jaunt
  9050 | D:7      | HP: 3/69 [wight/+1 flail (1)]
  9051 | D:7      | Mangled by a wight

Illustrated notes

Levels and vault maps discovered:
D:1:      moated_graveyard_arrival, layout_loops_ring,
          shapermc_ecumenical_altar_venn
D:2:      layout_loops_corners, serial_shops, nicolae_square_shop, uniq_jessica,
          uniq_robin, uniq_natasha
D:3:      layout_basic, nicolae_hepliaklqana_hazy_memory,
          minmay_fractal_squares_diagonal_5
D:4:      layout_loops_ring, minmay_temple_entry_hall, gammafunk_ghost_grave,
          uniq_sigmund, uniq_eustachio
D:5:      layout_basic, kennysheep_mini_moat, nicolae_dithmenos_the_darkroom,
          serial_rivers, chequers_serial_rivers_micro_b,
          chequers_serial_rivers_room_b, chequers_serial_rivers_micro_c,
          chequers_serial_rivers_small_b, chequers_serial_rivers_micro_e,
          chequers_serial_rivers_micro_c, uniq_pikel, uniq_ijyb
D:6:      layout_loops_ring, amethyst_overflow_temple_binary, serial_shops, shop
D:7:      layout_loops_ring, grunt_temple_overflow_magic_moments
D:8:      layout_loops_ring, nicolae_concentric_dashed_squares_mild
Temple:   eino_temple_lava

Skill      XL: |  1  2  3  4  5  6  7  8  9 |
---------------+----------------------------+-----
Fighting       | 4 5 6 8 9 |  9.9
Unarmed Combat | 4 5 6 7 8 9 |  9.9
Dodging        | 4 5 6 7 9 |  9.4
Armour         | 1 2 |  2.4
Maces & Flails | 2 |  2.1
Stealth        | |  0.5

Action                     |  1- 3 |  4- 6 |  7- 9 || total
---------------------------+-------+-------+-------++-------
  Melee: Unarmed           |    54 |    76 |   163 ||   293
         Headbutt          |    13 |    20 |    44 ||    77
         Mace              |       |    30 |     3 ||    33
 Invoke: Recall Ancestor   |       |     1 |     1 ||     2
         Ancestor Life: Ba |       |     1 |       ||     1
    Use: Potion            |     1 |       |     3 ||     4
   Stab: Distracted        |       |       |     3 ||     3
 Armour: Robe              |    16 |     4 |       ||    20
         Ring mail         |       |    26 |       ||    26
         Scale mail        |       |     8 |    74 ||    82
  Dodge: Dodged            |    41 |    68 |   117 ||   226
